 Dungeon Sprint DCSS version 0.30-a0-347-gf58ed5266c (webtiles) character file.

Game seed: 14013357615675358456

116137486 mhtbhm the Armataur Barricade (level 21, 217/217 HPs)
             Began as an Armataur Fighter on Oct 30, 2022.
             Was an Initiate of Gozag.
             Escaped with the Orb
             ... and 17 runes on Nov 6, 2022!
             The game lasted 00:41:02 (15703 turns).

mhtbhm the Armataur Barricade (Armataur Fighter)   Turns: 15703, Time: 00:41:02

Health: 217/217    AC: 54    Str: 41    XL:     21   Next: 59%
Magic:  30/30      EV: 18    Int:  4    God:    Gozag
Gold:   14346      SH: 34    Dex: 16    Spells: 32/32 levels left

rFire   + + +      SeeInvis +    n - +9 sacred scourge (holy)
rCold   + + .      Faith    .    c - +4 tower shield {rF+}
rNeg    . . .      Spirit   .    b - +12 gold dragon scales
rPois   +          Reflect  +    s - +0 helmet of the End {rElec rF+ rC+ Int-4}
rElec   +          Harm     .    r - +2 cloak
rCorr   .          Roll     +    w - +1 pair of gloves {Dex+3}
Will    ++...      NoTele   +    G - +0 barding {Stlth+}
Stlth   +.........               C - amulet of Gyerph {Reflect +Inv Regen+ SH+5}
HPRegen 1.36/turn                N - ring of Zeboasil {Dex+3 SInv}
MPRegen 0.22/turn                D - ring "Ziattom" {Will+ EV+4 Str+8}

@: marked, gold aura
A: large, rugged brown scales 3, deformed body, armoured tail, roll, long
tongue, awkward tongue, frail 1
0: Orb of Zot
}: 17/17 runes: decaying, serpentine, barnacled, slimy, elven, silver, golden,
iron, obsidian, icy, bone, abyssal, glowing, magical, fiery, dark, gossamer
a: Renounce Religion, Evoke Invisibility, Potion Petition, Call Merchant, Bribe
Branch


You escaped.
You worshipped Gozag.
Gozag was extremely pleased with you.
You visited 1 branch You collected 64958 gold pieces.
You spent 9324 gold pieces at shops.
You paid 41288 gold pieces to Gozag.

Inventory:

Hand Weapons
 n - a +9 sacred scourge of holy wrath (weapon)
 u - the +9 morningstar of the Aged Spines {vorpal, Str+4 Int+3}
   (You bought it in a shop in the Dungeon)

   It inflicts extra damage upon your enemies.
   Str:       It affects your strength (+4).
   Int:       It affects your intelligence (+3).
 y - the +5 Lochaber axe {reach-cleave, poleaxe, Drain}
   (You found it in the Dungeon)

   It can be evoked to extend its reach, and strikes at all foes within reach,
   dealing less damage to those not targeted.
   It uses either Axes or Polearms skill, whichever is higher.
   Drain:     It drains your maximum health when unequipped.
Missiles
 o - 3 silver javelins
 x - 5 javelins (quivered)
Armour
 b - +12 gold dragon scales (worn)
 c - a +4 tower shield of fire resistance (worn)
 m - the +1 kite shield of the Everdark {Will+ Int+5}
   (You bought it in a shop in the Dungeon)

   Int:       It affects your intelligence (+5).
   Will:      It increases your willpower.
 r - a +2 cloak (worn)
 s - the +0 helmet of the End (worn) {rElec rF+ rC+ Int-4}
   (You found it in the Dungeon)

   Int:       It affects your intelligence (-4).
   rF:        It protects you from fire.
   rC:        It protects you from cold.
   rElec:     It insulates you from electricity.
 w - a +1 pair of gloves of dexterity (worn)
 G - a +0 barding of stealth (worn)
 L - the +3 crown of Dyrovepreva {rElec Int+2 SInv}
   (You bought it in a shop in the Dungeon)

   Int:       It affects your intelligence (+2).
   rElec:     It insulates you from electricity.
   SInv:      It lets you see invisible.
Jewellery
 v - the ring "Qiazxade" {rElec rC+ Will+}
   (You bought it in a shop in the Dungeon)

   [ring of protection from cold]

   rC:        It protects you from cold.
   rElec:     It insulates you from electricity.
   Will:      It increases your willpower.
 C - the amulet of Gyerph (around neck) {Reflect +Inv Regen+ SH+5}
   (You bought it in a shop in the Dungeon)

   [amulet of reflection]

   It reflects blocked missile attacks.
   +Inv:      It lets you turn invisible.
   Regen:     It increases your rate of health regeneration.
   SH:        It affects your SH (+5).
 D - the ring "Ziattom" (right hand) {Will+ EV+4 Str+8}
   (You bought it in a shop in the Dungeon)

   [ring of evasion]

   EV:        It affects your evasion (+4).
   Str:       It affects your strength (+8).
   Will:      It increases your willpower.
 N - the ring of Zeboasil (left hand) {Dex+3 SInv}
   (You found it in the Dungeon)

   [ring of see invisible]

   Dex:       It affects your dexterity (+3).
   SInv:      It lets you see invisible.
 O - the ring of Siwem {rF+ rC+++ Str+3 Dex+3 Slay-3}
   (You found it in the Dungeon)

   [ring of strength]

   Str:       It affects your strength (+3).
   Dex:       It affects your dexterity (+3).
   Slay:      It affects your accuracy & damage with ranged weapons and melee
   (-3).
   rF:        It protects you from fire.
   rC:        It renders you almost immune to cold.
 R - the ring "Jiguc" {rCorr Int+2 Slay+2 Stlth-}
   (You found it in the Dungeon)

   [ring of resist corrosion]

   Int:       It affects your intelligence (+2).
   Slay:      It affects your accuracy & damage with ranged weapons and melee
   (+2).
   rCorr:     It protects you from acid and corrosion.
   Stlth:     It makes you less stealthy.
Wands
 H - a wand of digging (3)
Scrolls
 a - a scroll of immolation
 d - a scroll of summoning
 i - 3 scrolls of identify
 k - 2 scrolls of amnesia
 p - 10 scrolls of enchant weapon
 t - 4 scrolls of fog
 F - a scroll of torment
 T - 2 scrolls of fear
Potions
 e - 14 potions of curing
 f - a potion of heal wounds
 g - 5 potions of haste
 h - 10 potions of magic
 l - a potion of mutation
 z - a potion of flight
 A - a potion of resistance
 B - 2 potions of berserk rage
 K - a potion of might
 S - a potion of brilliance
Miscellaneous
 E - a phantom mirror
 I - the horn of Geryon
 J - a tin of tremorstones (2/2)


   Skills:
 O Level 27 Fighting
 - Level 8.0(9.2) Short Blades
 - Level 7.1(8.8) Long Blades
 + Level 22.2(26.9) Axes
 O Level 27 Maces & Flails
 - Level 6.5(16.4) Polearms
 - Level 7.0(19.6) Staves
 - Level 5.9 Ranged Weapons
 O Level 27 Throwing
 O Level 27 Armour
 + Level 21.5 Dodging
 O Level 27 Stealth
 O Level 27 Shields
 - Level 7.1 Unarmed Combat
 - Level 6.4 Spellcasting
 - Level 7.1 Conjurations
 - Level 7.1 Hexes
 - Level 7.3 Summonings
 - Level 7.3 Necromancy
 - Level 8.8 Translocations
 - Level 7.9 Transmutations
 - Level 8.0 Fire Magic
 - Level 8.0 Ice Magic
 - Level 8.0 Air Magic
 - Level 8.0 Earth Magic
 - Level 8.0 Poison Magic
 - Level 8.8 Invocations
 O Level 27 Evocations


You had 32 spell levels left.
You didn't know any spells.
Your spell library was empty.

Dungeon Overview and Level Annotations

Branches:
Dungeon (1/1)

Altars:
Cheibriados
Dithmenos
Elyvilon
Fedhas
Gozag
Hepliaklqana
Kikubaaqudgha
Makhleb
Nemelex Xobeh
Okawaru
Qazlal
Ru
Sif Muna
Trog
Uskayaw
Vehumet
Wu Jian
Xom
Yredelemnul
Zin
The Shining One
Jiyva
Lugonu

Shops:
D *[*==((![(=[=[[!(!(?[*[


Innate Abilities, Weirdness & Mutations

You are completely covered in rugged brown scales. (AC +3, +7% HP)
Armour fits poorly on your strangely shaped body.
You have a long armoured tail.
You roll when moving toward enemies. (Rampage)
Your long tongue fully drains potion bottles. (2x potion effects)
Your tongue gives you trouble enunciating. (1.5x scroll delay)
You are frail. (-10% HP)


Message History

You hit Keucy but do no damage. You tail-slap Keucy, but do no damage.
Keucy is severely wounded.
Keucy hits you but does no damage.
Unknown command.
You hit Keucy.
Keucy convulses.
Keucy is severely wounded.
Keucy blinks!
Unknown command.
Keucy is distracted by your dazzling golden aura.
Unknown command.
Keucy is no longer distracted by gold.
Keucy is distracted by your dazzling golden aura.
You roll towards Keucy!
Keucy is no longer distracted by gold.
Keucy gestures at you. A sentinel's mark forms upon you.
There is an open door to the Dungeon here.
Things that are here:
a +0 dagger; a +0 dagger You roll towards Keucy!
Keucy hits you!
You closely miss Keucy.
Keucy is severely wounded.
You block Keucy's attack.
You punish Keucy, causing immense pain!!!
Keucy convulses!!!
You kill Keucy!
Your base Axes skill increases to level 22!
You now have 14013 gold pieces (gained 225).
You now have 14175 gold pieces (gained 162).
There is an open door here.
You now have 14292 gold pieces (gained 117).
Items here: )) [[.
Items here: )) [[.
There is an open door here.
You now have 14346 gold pieces (gained 54).
You see here a +2 whip.
There is an open door to the Dungeon here.
Things that are here:
a +0 dagger; a +0 dagger
There is a staircase leading out of the dungeon here.
You have escaped!

▓▓▓▓▓▓▓▓▓▓▓▓▓▓▓▓▓▓
▓@▓...▓...▓...▓...
▓.▓.▓.▓.▓.▓)▓.▓.▓.
▓.▓.▓.▓.▓.▓.▓.▓.▓.
▓.▓.▓.▓.▓.▓.▓.▓.▓[
▓)▓.▓.▓[▓.▓.▓.▓.▓.
▓)▓.▓.▓.▓.▓.▓.▓.▓.
▓.▓.▓.▓.▓.▓.▓.▓.▓.
▓.▓.▓'▓.▓[▓.▓.▓.▓.
▓.▓.▓.▓.▓.▓.▓.▓.▓.


There were no monsters in sight!

Vanquished Creatures
  Cerebov (D)
  Antaeus (D)
  the Royal Jelly (D)
  Asmodeus (D)
  Gloorx Vloq (D)
  9 pandemonium lords (D)
  A seraph (D)
  Ereshkigal (D)
  Mnoleg (D)
  Lom Lobon (D)
  7 ancient liches (D)
  Dispater (D)
  Mara (D)
  Mennas (D)
  3 orbs of fire (D)
  Boris (D)
  5 royal mummies (D)
  Saint Roka (D)
  Frederick (D)
  A Killer Klown (D)
  A curse toe (D)
  Geryon (D)
  2 golden dragons (D)
  Jory (D)
  2 profane servitors (D)
  Nikola (D)
  2 bone dragons (D)
  4 electric golems (D)
  4 Tzitzimimeh (D)
  3 tentacled monstrosities (D)
  34 Orb Guardians (D)
  An Ice Fiend (D)
  2 liches (D)
  5 quicksilver dragons (D)
  A Hell Sentinel (D)
  A deep elf master archer (D)
  10 acid blobs (D)
  4 deep elf blademasters (D)
  13 sphinxes (D)
  An Executioner (D)
  A death cob (D)
  12 shadow dragons (D)
  Agnes (D)
  4 azure jellies (D)
  2 storm dragons (D)
  2 daevas (D)
  4 frost giants (D)
  4 fire giants (D)
  A draconian knight (D)
  Ilsuiw (D)
  3 nagarajas (D)
  8 rockslimes (D)
  2 deep elf sorcerers (D)
  4 ghost moths (D)
  7 emperor scorpions (D)
  Louise (D)
  A spriggan defender (D)
  3 ironbound preservers (D)
  4 draconian shifters (D)
  4 stone giants (D)
  2 ironbound thunderhulks (D)
  4 quicksilver oozes (D)
  An angel (D)
  3 reapers (D)
  7 very ugly things (D)
  2 demonspawn blood saints (D)
  3 deep elf demonologists (D)
  2 black draconians (D)
  3 yellow draconians (D)
  9 vampire knights (D)
  5 green draconians (D)
  An eleionoma (D)
  4 lorocyprocas (D)
  3 bunyips (D)
  3 red draconians (D)
  3 purple draconians (D)
  A spark wasp (D)
  2 white draconians (D)
  2 deep elf annihilators (D)
  An entropy weaver (D)
  2 blizzard demons (D)
  4 ettins (D)
  A deep elf death mage (D)
  5 mummy priests (D)
  A merfolk impaler (D)
  2 deep elf high priests (D)
  A fire dragon (D)
  5 merfolk javelineers (D)
  Harold (D)
  5 yaktaur captains (D)
  3 great orbs of eyes (D)
  7 ice dragons (D)
  25 vault guards (D)
  3 hell beasts (D)
  5 hydras (D)
  A merfolk avatar (D)
  3 catoblepae (D)
  3 ogre magi (D)
  An ironbound frostheart (D)
  A boulder beetle (D)
  An alligator (D)
  4 merfolk aquamancers (D)
  3 deep troll earth magi (D)
  4 tengu warriors (D)
  2 deep troll shamans (D)
  A two-headed ogre (D)
  A vampire mage (D)
  3 naga warriors (D)
  2 shock serpents (D)
  A hell knight (D)
  A spriggan berserker (D)
  2 naga sharpshooters (D)
  A fire crab (shapeshifter) (D)
  A pharaoh ant (D)
  2 sixfirhies (D)
  A salamander mystic (D)
  A cherub (D)
  3 sea snakes (D)
  2 spriggan druids (D)
  3 shadow demons (D)
  2 deep trolls (D)
  A death drake (shapeshifter) (D)
  2 orb spiders (D)
  8 swamp dragons (D)
  A glowing orange brain (D)
  4 ironbound convokers (D)
  A wizard (D)
  A steelbarb worm (D)
  3 lindwurms (D)
  3 starcursed masses (D)
  A harpy (D)
  4 orc knights (D)
  3 ugly things (D)
  An orc sorcerer (D)
  A wolf spider (D)
  3 will-o-the-wisps (D)
  3 manticores (D)
  9 moths of wrath (D)
  4 cyclopes (D)
  A merfolk siren (D)
  A black mamba (D)
  An elephant (D)
  A rust devil (D)
  2 naga magi (D)
  5 vault sentinels (D)
  A guardian serpent (D)
  4 smoke demons (D)
  A toenail golem (D)
  A torpor snail (D)
  3 cane toads (D)
  2 orange demons (D)
  5 tormentors (D)
  A demonic crawler (D)
  A freezing wraith (D)
  2 yaktaurs (shapeshifter) (D)
  3 ice devils (D)
  18 guardian mummies (D)
  A polar bear (shapeshifter) (D)
  8 trolls (D)
  3 red devils (D)
  A wandering mushroom (D)
  4 tyrant leeches (D)
  A merfolk (D)
  A tarantella (D)
  A polar bear (D)
  A wind drake (D)
  A blink frog (D)
  A slime creature (D)
  A shadow (D)
  11 spriggans (D)
  2 wyverns (D)
  2 yaks (D)
  A ynoxinul (D)
  Grum (D)
  A basilisk (D)
  8 golden eyes (D)
  3 redbacks (D)
  A chaos spawn (D)
  7 nagas (D)
  3 water moccasins (D)
  A floating eye (D)
  5 hell hounds (D)
  A small abomination (D)
  2 large abominations (D)
  14 orc warriors (D)
  5 wolves (D)
  A phantom (D)
  A bullfrog (D)
  A crimson imp (D)
  2 quasits (D)
  A hound (D)
  3 iron imps (D)
  5 orc priests (D)
  2 orc wizards (D)
  2 white imps (D)
  A worm (D)
  10 orcs (D)
  An endoplasm (D)
  A jackal (D)
  A bat simulacrum (D)
  A goblin (D)
  A kobold (D)
  A rat (D)
  A ball lightning (D)
  3 fire vortices (D)
620 creatures vanquished.

Vanquished Creatures (others)
  An Orb Guardian (D)
  A red devil (D)
  A small abomination (D)
  5 ball lightnings (D)
  6 foxfires (D)
14 creatures vanquished.

Grand Total: 634 creatures vanquished

Notes
Turn   | Place    | Note
-------+----------+-------------------------------------------
     0 | D        | mhtbhm the Armataur Fighter began the quest for the Orb.
     0 | D        | Reached XP level 1. HP: 19/19 MP: 1/1
   118 | D        | Noticed a phantom
   118 | D        | Noticed a hound
   118 | D        | Noticed an orc priest
   122 | D        | Reached XP level 2. HP: 27/27 MP: 2/2
   126 | D        | Killed a phantom
   127 | D        | Reached XP level 3. HP: 24/37 MP: 3/3
   127 | D        | Reached XP level 4. HP: 28/43 MP: 4/4
   130 | D        | Reached skill level 5 in Fighting
   136 | D        | Reached XP level 5. HP: 23/52 MP: 5/5
   148 | D        | Found a snail-covered altar of Cheibriados.
   148 | D        | Found a shadowy altar of Dithmenos.
   148 | D        | Found a white marble altar of Elyvilon.
   148 | D        | Found a blossoming altar of Fedhas.
   148 | D        | Found an opulent altar of Gozag.
   149 | D        | Found a hazy altar of Hepliaklqana.
   150 | D        | Found a viscous altar of Jiyva.
   151 | D        | Found an ancient bone altar of Kikubaaqudgha.
   152 | D        | Found a corrupted altar of Lugonu.
   153 | D        | Found a burning altar of Makhleb.
   154 | D        | Found a sparkling altar of Nemelex Xobeh.
   155 | D        | Found an iron altar of Okawaru.
   156 | D        | Found a stormy altar of Qazlal.
   157 | D        | Found a sacrificial altar of Ru.
   158 | D        | Found a shimmering blue altar of Sif Muna.
   159 | D        | Found a bloodstained altar of Trog.
   168 | D        | Found a hide-covered altar of Uskayaw.
   169 | D        | Found a radiant altar of Vehumet.
   170 | D        | Found an ornate altar of the Wu Jian Council.
   175 | D        | Found a shimmering altar of Xom.
   176 | D        | Found a basalt altar of Yredelemnul.
   177 | D        | Found a glowing silver altar of Zin.
   178 | D        | Found a glowing golden altar of the Shining One.
   228 | D        | Became a worshipper of Gozag Ym Sagoz the Greedy
   316 | D        | Noticed a troll
   316 | D        | Noticed a shadow
   316 | D        | Noticed a yak
   316 | D        | Noticed a troll
   316 | D        | Noticed a two-headed ogre
   316 | D        | Noticed an orc warrior
   319 | D        | Killed a troll
   320 | D        | Reached skill level 5 in Maces & Flails
   320 | D        | Reached skill level 1 in Dodging
   320 | D        | Reached skill level 1 in Evocations
   320 | D        | Reached XP level 6. HP: 58/64 MP: 6/6
   320 | D        | Killed a troll
   321 | D        | Reached skill level 10 in Armour
   321 | D        | Reached skill level 1 in Stealth
   321 | D        | Reached XP level 7. HP: 65/71 MP: 7/7
   321 | D        | Killed a shadow
   322 | D        | Killed a yak
   324 | D        | Killed a two-headed ogre
   325 | D        | Reached skill level 10 in Shields
   325 | D        | Reached XP level 8. HP: 50/83 MP: 8/8
   431 | D        | Noticed a polar bear
   431 | D        | Noticed a red ugly thing
   431 | D        | Noticed a fire crab
   431 | D        | Noticed a tengu warrior
   431 | D        | Noticed a cyclops
   431 | D        | Noticed a purple ugly thing
   434 | D        | Killed a cyclops
   435 | D        | Killed a polar bear
   436 | D        | Reached skill level 10 in Fighting
   436 | D        | Reached XP level 9. HP: 80/90 MP: 9/9
   439 | D        | Killed a purple ugly thing
   443 | D        | Killed a red ugly thing
   447 | D        | Killed a fire crab
   455 | D        | Killed a tengu warrior
   456 | D        | Reached skill level 10 in Maces & Flails
   456 | D        | Reached skill level 5 in Evocations
   456 | D        | Reached XP level 10. HP: 52/101 MP: 10/10
   695 | D        | Noticed a catoblepas
   710 | D        | Noticed a catoblepas
   714 | D        | Killed a catoblepas
   715 | D        | Reached skill level 15 in Armour
   732 | D        | Killed a catoblepas
   962 | D        | Noticed a cane toad
   962 | D        | Noticed an elephant
   962 | D        | Noticed a cane toad
   965 | D        | Noticed a four-headed hydra
   969 | D        | Noticed a cane toad
   972 | D        | Noticed a catoblepas
   974 | D        | Killed a cane toad
   975 | D        | Reached skill level 5 in Stealth
   996 | D        | Killed an elephant
   999 | D        | Killed a four-headed hydra
  1000 | D        | Reached skill level 5 in Dodging
  1292 | D        | Killed a cane toad
  1293 | D        | Reached XP level 11. HP: 103/111 MP: 11/11
  1326 | D        | Killed a catoblepas
  1517 | D        | Noticed a lindwurm
  1517 | D        | Noticed a lindwurm
  1518 | D        | Noticed a lindwurm
  1826 | D        | Killed a lindwurm
  1830 | D        | Killed a lindwurm
  2137 | D        | Killed a lindwurm
  2440 | D        | Noticed an orc knight
  2462 | D        | Killed an orc knight
  2617 | D        | Noticed an orc knight
  2648 | D        | Killed an orc knight
  3079 | D        | Found Ohaorynu's General Store.
  3079 | D        | Noticed an ogre mage
  3079 | D        | Noticed a deep troll
  3079 | D        | Noticed an ogre mage
  3100 | D        | Killed an ogre mage
  3101 | D        | Reached skill level 15 in Maces & Flails
  3108 | D        | Killed a deep troll
  3125 | D        | Killed an ogre mage
  3137 | D        | Reached XP level 12. HP: 63/123 MP: 12/12
  3137 | D        | Found Ylimagg's Antique Armour Shoppe.
  3448 | D        | Found Ulongyqi's General Store.
  3451 | D        | Found Gigurueg's Jewellery Shoppe.
  3451 | D        | Noticed an ogre mage
  3452 | D        | Noticed an ettin
  3452 | D        | Noticed a stone giant
  3459 | D        | Killed an ogre mage
  3468 | D        | Killed a stone giant
  3482 | D        | Killed an ettin
  3656 | D        | Bought a scroll of fog for 48 gold pieces
  3656 | D        | Bought a scroll of fear for 48 gold pieces
  3656 | D        | Bought a potion of curing for 36 gold pieces
  3656 | D        | Bought a potion of curing for 36 gold pieces
  3658 | D        | Bought the ring "Qiazxade" {rElec rC+ Will+} for 579 gold
                  | pieces
  3663 | D        | Bought a +4 ring of evasion for 468 gold pieces
  3670 | D        | Bought a potion of curing for 36 gold pieces
  3678 | D        | Bought a glowing chain mail for 157 gold pieces
  3715 | D        | Noticed Harold
  3728 | D        | Killed Harold
  3864 | D        | Found the +5 Lochaber axe {reach-cleave, poleaxe, Drain}
  3997 | D        | Bought a distressingly furry ring mail for 279 gold pieces
  3997 | D        | Identified the +0 ring mail of Degaffax {rF+} (You bought
                  | it in a shop in the Dungeon)
  3998 | D        | Bought a jewelled scale mail for 279 gold pieces
  3998 | D        | Identified the +2 scale mail of Marbles {Regen+ Str+4} (You
                  | bought it in a shop in the Dungeon)
  4007 | D        | Bought a potion of haste for 120 gold pieces
  4007 | D        | Bought 2 potions of curing for 72 gold pieces
  4007 | D        | Bought a potion of heal wounds for 60 gold pieces
  4007 | D        | Bought a potion of curing for 36 gold pieces
  4007 | D        | Bought a potion of heal wounds for 60 gold pieces
  4013 | D        | Bought the amulet of Gyerph {Reflect +Inv Regen+ SH+5} for
                  | 616 gold pieces
  4013 | D        | Bought the ring "Ziattom" {Will+ EV+4 Str+8} for 915 gold
                  | pieces
  4027 | D        | Noticed a tengu warrior
  4033 | D        | Killed a tengu warrior
  4039 | D        | Noticed a tengu warrior
  4041 | D        | Reached skill level 10 in Stealth
  4041 | D        | Noticed a deep troll shaman
  4043 | D        | Noticed a red very ugly thing
  4046 | D        | Noticed a fire giant
  4048 | D        | Noticed a vampire knight
  4056 | D        | Noticed a green very ugly thing
  4077 | D        | Killed a red very ugly thing
  4079 | D        | Noticed a frost giant
  4081 | D        | Killed a tengu warrior
  4095 | D        | Killed a vampire knight
  4096 | D        | Reached skill level 15 in Fighting
  4098 | D        | Killed a deep troll shaman
  4116 | D        | Killed a fire giant
  4196 | D        | Killed a green very ugly thing
  4206 | D        | Killed a frost giant
  4207 | D        | Reached XP level 13. HP: 73/135 MP: 13/13
  4348 | D        | Noticed Grum
  4364 | D        | Killed Grum
  4445 | D        | Noticed a bunyip
  4445 | D        | Noticed a bunyip
  4445 | D        | Noticed a bunyip
  4454 | D        | Noticed an eleionoma
  4456 | D        | Killed a bunyip
  4459 | D        | Killed an eleionoma
  4487 | D        | Killed a bunyip
  4488 | D        | Reached skill level 15 in Shields
  4492 | D        | Killed a bunyip
  5224 | D        | Noticed a vampire knight
  5224 | D        | Noticed a spriggan defender
  5228 | D        | Noticed a sphinx
  5230 | D        | Noticed a fire dragon
  5236 | D        | Killed a vampire knight
  5248 | D        | Reached XP level 14. HP: 86/153 MP: 14/14
  5274 | D        | Killed a spriggan defender
  5279 | D        | Noticed a vampire knight
  5287 | D        | Killed a sphinx
  5306 | D        | Killed a vampire knight
  5326 | D        | Noticed a white very ugly thing
  5329 | D        | Noticed a frost giant
  5342 | D        | Killed a white very ugly thing
  5355 | D        | Killed a frost giant
  5576 | D        | Noticed an ironbound thunderhulk
  5590 | D        | Noticed an ironbound thunderhulk
  5601 | D        | Killed an ironbound thunderhulk
  5603 | D        | Noticed a purple very ugly thing
  5614 | D        | Noticed an ironbound preserver
  5620 | D        | Killed an ironbound thunderhulk
  5620 | D        | Noticed an ironbound preserver
  5625 | D        | Noticed an ironbound preserver
  5627 | D        | Killed a purple very ugly thing
  5628 | D        | Noticed a green very ugly thing
  5644 | D        | Killed an ironbound preserver
  5671 | D        | Killed an ironbound preserver
  5672 | D        | Reached skill level 15 in Stealth
  5677 | D        | Killed an ironbound preserver
  5690 | D        | Killed a green very ugly thing
  5764 | D        | Bought a glimmering morningstar for 180 gold pieces
  5764 | D        | Identified the +10 morningstar "Xiat" {freeze, Fragile
                  | rElec Int+7} (You bought it in a shop in the Dungeon)
  5896 | D        | Noticed Saint Roka
  5917 | D        | Killed Saint Roka
  5972 | D        | Noticed Louise
  5985 | D        | Killed Louise
  6103 | D        | Got the +0 helmet of the End {rElec rF+ rC+ Int-4}
  6289 | D        | Noticed Mennas
  6317 | D        | Killed Mennas
  6318 | D        | Reached XP level 15. HP: 167/167 MP: 15/15
  6373 | D        | Noticed Agnes
  6389 | D        | Killed Agnes
  6483 | D        | Got a decaying rune of Zot
  6513 | D        | Noticed Ilsuiw
  6532 | D        | Killed Ilsuiw
  6576 | D        | Got a barnacled rune of Zot
  6607 | D        | Noticed a nagaraja
  6607 | D        | Noticed a nagaraja
  6608 | D        | Noticed a nagaraja
  6617 | D        | Killed a nagaraja
  6630 | D        | Killed a nagaraja
  6638 | D        | Killed a nagaraja
  6659 | D        | Got a serpentine rune of Zot
  6728 | D        | Noticed an emperor scorpion
  6728 | D        | Noticed an emperor scorpion
  6728 | D        | Noticed an emperor scorpion
  6728 | D        | Noticed an emperor scorpion
  6732 | D        | Killed an emperor scorpion
  6737 | D        | Killed an emperor scorpion
  6744 | D        | Killed an emperor scorpion
  6753 | D        | Killed an emperor scorpion
  6754 | D        | Noticed an emperor scorpion
  6763 | D        | Noticed an emperor scorpion
  6764 | D        | Noticed an emperor scorpion
  6774 | D        | Killed an emperor scorpion
  6789 | D        | Killed an emperor scorpion
  6798 | D        | Killed an emperor scorpion
  6812 | D        | Got a gossamer rune of Zot
  6871 | D        | Noticed Boris
  6884 | D        | Killed Boris
  6885 | D        | Reached XP level 16. HP: 177/184 MP: 14/16
  6889 | D        | Noticed Jory
  6906 | D        | Killed Jory
  6958 | D        | Noticed Frederick
  6963 | D        | Killed Frederick
  7200 | D        | Noticed a shadow dragon
  7211 | D        | Noticed a shadow dragon
  7226 | D        | Killed a shadow dragon
  7232 | D        | Killed a shadow dragon
  7367 | D        | Noticed a shadow dragon
  7367 | D        | Noticed a shadow dragon
  7367 | D        | Noticed a golden dragon
  7367 | D        | Noticed a shadow dragon
  7373 | D        | Noticed a quicksilver dragon
  7379 | D        | Noticed a shadow dragon
  7384 | D        | Killed a golden dragon
  7385 | D        | Reached skill level 27 in Shields
  7385 | D        | Noticed a shadow dragon
  7388 | D        | Killed a shadow dragon
  7392 | D        | Killed a shadow dragon
  7506 | D        | Killed a shadow dragon
  7562 | D        | Killed a quicksilver dragon
  7580 | D        | Killed a shadow dragon
  7585 | D        | Killed a shadow dragon
  7674 | D        | Got a silver rune of Zot
  7675 | D        | Identified the +6 rapier of the Blue Skies {drain, Int+4}
  7692 | D        | Upgraded the game from 0.30-a0-335-ge5acde7520 to
                  | 0.30-a0-347-gf58ed5266c
  7717 | D        | Noticed Nikola
  7727 | D        | Killed Nikola
  7799 | D        | Bought a potion of berserk rage for 85 gold pieces
  7799 | D        | Bought a potion of heal wounds for 85 gold pieces
  7799 | D        | Bought a potion of might for 68 gold pieces
  7799 | D        | Bought a potion of curing for 51 gold pieces
  7799 | D        | Bought a potion of curing for 51 gold pieces
  7799 | D        | Bought a potion of might for 68 gold pieces
  7808 | D        | Bought a pitted scale mail for 171 gold pieces
  7808 | D        | Identified the +5 scale mail of Tulips {rF+ Will+ Int+4}
                  | (You bought it in a shop in the Dungeon)
  7822 | D        | Bought the +3 crown of Dyrovepreva {rElec Int+2 SInv} for
                  | 1366 gold pieces
  7822 | D        | Found the +3 crown of Dyrovepreva {rElec Int+2 SInv}
  7822 | D        | Bought a glowing scarf for 264 gold pieces
  7836 | D        | Got the ring of Zeboasil {Dex+3 SInv}
  7838 | D        | Got the ring of Siwem {rF+ rC+++ Str+3 Dex+3 Slay-3}
  7840 | D        | Got the ring "Wocidghe" {rF+ Int+4}
  7842 | D        | Got the ring "Hellouco" {Ice Str+2}
  7844 | D        | Got the ring "Jiguc" {rCorr Int+2 Slay+2 Stlth-}
  8017 | D        | Noticed Mara
  8020 | D        | Noticed mhtbhm's illusion
  8027 | D        | Killed Mara
  8028 | D        | Reached XP level 17. HP: 201/201 MP: 17/17
  8123 | D        | Reached skill level 27 in Maces & Flails
  8142 | D        | Reached skill level 27 in Fighting
  8169 | D        | Noticed a bone dragon
  8169 | D        | Noticed a bone dragon
  8186 | D        | Killed a bone dragon
  8192 | D        | Killed a bone dragon
  8236 | D        | Noticed a quicksilver dragon
  8236 | D        | Noticed an electric golem
  8238 | D        | Killed a quicksilver dragon
  8239 | D        | Reached skill level 27 in Armour
  8239 | D        | Noticed a tentacled monstrosity
  8253 | D        | Killed a tentacled monstrosity
  8270 | D        | Killed an electric golem
  8346 | D        | Noticed an electric golem
  8385 | D        | Killed an electric golem
  8485 | D        | Noticed a quicksilver dragon
  8485 | D        | Noticed an orb of fire
  8486 | D        | Noticed a golden dragon
  8498 | D        | Killed an orb of fire
  8499 | D        | Killed a quicksilver dragon
  8505 | D        | Reached skill level 5 in Throwing
  8520 | D        | Killed a golden dragon
  8521 | D        | Reached skill level 27 in Stealth
  8572 | D        | Noticed a quicksilver dragon
  8577 | D        | Noticed a tentacled monstrosity
  8578 | D        | Reached skill level 10 in Throwing
  8594 | D        | Killed a tentacled monstrosity
  8610 | D        | Killed a quicksilver dragon
  8795 | D        | Noticed an Orb Guardian
  8795 | D        | Noticed an Orb Guardian
  8795 | D        | Noticed an Orb Guardian
  8795 | D        | Noticed an Orb Guardian
  8795 | D        | Noticed an Orb Guardian
  8795 | D        | Noticed an Orb Guardian
  8798 | D        | Killed an Orb Guardian
  8800 | D        | Noticed an Orb Guardian
  8804 | D        | Killed an Orb Guardian
  8810 | D        | Killed an Orb Guardian
  8811 | D        | Reached skill level 15 in Throwing
  8811 | D        | Killed an Orb Guardian
  8818 | D        | Killed an Orb Guardian
  8819 | D        | Reached XP level 18. HP: 206/214 MP: 18/18
  8819 | D        | Noticed an Orb Guardian
  8823 | D        | Killed an Orb Guardian
  8826 | D        | Killed an Orb Guardian
  8827 | D        | Noticed an Orb Guardian
  8827 | D        | Noticed an Orb Guardian
  8834 | D        | Killed an Orb Guardian
  8836 | D        | Killed an Orb Guardian
  8839 | D        | Killed an Orb Guardian
  8867 | D        | Noticed a tentacled monstrosity
  8867 | D        | Noticed an Orb Guardian
  8867 | D        | Noticed an Orb Guardian
  8868 | D        | Noticed an Orb Guardian
  8869 | D        | Noticed an Orb Guardian
  8871 | D        | Killed a tentacled monstrosity
  8879 | D        | Killed an Orb Guardian
  8889 | D        | Killed an Orb Guardian
  8908 | D        | Killed an Orb Guardian
  8918 | D        | Killed an Orb Guardian
  8992 | D        | Noticed an ancient lich
  8999 | D        | Killed an ancient lich
  9003 | D        | Noticed an orb of fire
  9006 | D        | Gained mutation: You are frail. (-10% HP) [an orb of fire]
  9010 | D        | Killed an orb of fire
  9013 | D        | Noticed an electric golem
  9018 | D        | Killed an electric golem
  9022 | D        | Noticed an ancient lich
  9022 | D        | Noticed a curse toe
  9022 | D        | Noticed a Killer Klown
  9022 | D        | Noticed an ancient lich
  9028 | D        | Noticed an orb of fire
  9057 | D        | Killed an ancient lich
  9126 | D        | Killed an ancient lich
  9179 | D        | Killed a curse toe
  9187 | D        | Killed a Killer Klown
  9235 | D        | Noticed an electric golem
  9244 | D        | Killed an electric golem
  9312 | D        | Killed an orb of fire
  9334 | D        | Noticed an ancient lich
  9345 | D        | Killed an ancient lich
  9346 | D        | Reached skill level 27 in Throwing
  9347 | D        | Reached skill level 1 in Translocations
  9347 | D        | Reached skill level 1 in Invocations
  9351 | D        | Noticed an Orb Guardian
  9351 | D        | Noticed an Orb Guardian
  9351 | D        | Noticed an Orb Guardian
  9351 | D        | Noticed an Orb Guardian
  9351 | D        | Noticed an Orb Guardian
  9351 | D        | Noticed an Orb Guardian
  9352 | D        | Killed an Orb Guardian
  9353 | D        | Reached skill level 1 in Short Blades
  9353 | D        | Reached skill level 1 in Long Blades
  9353 | D        | Reached skill level 1 in Polearms
  9353 | D        | Reached skill level 1 in Staves
  9353 | D        | Reached skill level 1 in Unarmed Combat
  9353 | D        | Reached skill level 1 in Conjurations
  9353 | D        | Reached skill level 1 in Hexes
  9353 | D        | Reached skill level 1 in Summonings
  9353 | D        | Reached skill level 1 in Necromancy
  9353 | D        | Reached skill level 1 in Transmutations
  9353 | D        | Reached skill level 1 in Fire Magic
  9353 | D        | Reached skill level 1 in Ice Magic
  9353 | D        | Reached skill level 1 in Air Magic
  9353 | D        | Reached skill level 1 in Earth Magic
  9353 | D        | Reached skill level 1 in Poison Magic
  9363 | D        | Killed an Orb Guardian
  9364 | D        | Reached skill level 1 in Axes
  9364 | D        | Reached skill level 1 in Ranged Weapons
  9364 | D        | Reached skill level 1 in Spellcasting
  9366 | D        | Noticed an Orb Guardian
  9366 | D        | Noticed an Orb Guardian
  9369 | D        | Killed an Orb Guardian
  9371 | D        | Killed an Orb Guardian
  9373 | D        | Noticed an Orb Guardian
  9374 | D        | Killed an Orb Guardian
  9378 | D        | Killed an Orb Guardian
  9379 | D        | Noticed an Orb Guardian
  9383 | D        | Killed an Orb Guardian
  9390 | D        | Killed an Orb Guardian
  9394 | D        | Killed an Orb Guardian
  9395 | D        | Noticed an Orb Guardian
  9402 | D        | Killed an Orb Guardian
  9404 | D        | Noticed an Orb Guardian
  9411 | D        | Killed an Orb Guardian
  9417 | D        | Killed an Orb Guardian
  9469 | D        | Bought a masterwork morningstar for 342 gold pieces
  9469 | D        | Identified the +9 morningstar of the Aged Spines {vorpal,
                  | Str+4 Int+3} (You bought it in a shop in the Dungeon)
  9540 | D        | Noticed an ancient lich
  9541 | D        | Noticed an ancient lich
  9547 | D        | Noticed an ancient lich
  9553 | D        | Killed an ancient lich
  9554 | D        | Reached XP level 19. HP: 175/200 MP: 21/23
  9575 | D        | Killed an ancient lich
  9579 | D        | Killed an ancient lich
  9580 | D        | Reached skill level 5 in Translocations
  9587 | D        | Reached skill level 5 in Invocations
  9719 | D        | Bought a scroll of enchant weapon for 90 gold pieces
  9719 | D        | Bought a scroll of immolation for 48 gold pieces
  9728 | D        | Reached skill level 5 in Short Blades
  9728 | D        | Reached skill level 5 in Fire Magic
  9728 | D        | Reached skill level 5 in Ice Magic
  9728 | D        | Reached skill level 5 in Air Magic
  9728 | D        | Reached skill level 5 in Earth Magic
  9728 | D        | Reached skill level 5 in Poison Magic
  9730 | D        | Reached skill level 5 in Transmutations
  9768 | D        | Reached skill level 5 in Necromancy
  9776 | D        | Reached skill level 5 in Summonings
  9777 | D        | Noticed a Tzitzimitl
  9782 | D        | Reached skill level 5 in Unarmed Combat
  9782 | D        | Reached skill level 5 in Conjurations
  9782 | D        | Reached skill level 5 in Hexes
  9785 | D        | Reached skill level 5 in Long Blades
  9785 | D        | Reached skill level 5 in Staves
  9798 | D        | Got an elven rune of Zot
  9878 | D        | Reached skill level 5 in Polearms
  9878 | D        | Noticed the Royal Jelly
  9878 | D        | Paralysed by a floating eye for 4 turns
  9886 | D        | Reached skill level 5 in Axes
  9886 | D        | Reached skill level 5 in Spellcasting
  9968 | D        | Killed the Royal Jelly
  9974 | D        | Reached skill level 5 in Ranged Weapons
 10022 | D        | Got a slimy rune of Zot
 10160 | D        | Reached skill level 10 in Evocations
 10454 | D        | Bought a pair of runed gloves for 270 gold pieces
 10467 | D        | Bought an ichor-stained kite shield for 285 gold pieces
 10467 | D        | Identified the +1 kite shield of the Everdark {Will+ Int+5}
                  | (You bought it in a shop in the Dungeon)
 10467 | D        | Bought a phantom mirror for 1200 gold pieces
 10467 | D        | Bought a scroll of enchant weapon for 225 gold pieces
 10481 | D        | Noticed a royal mummy
 10485 | D        | Killed a royal mummy
 10678 | D        | Reached XP level 20. HP: 198/209 MP: 29/29
 10717 | D        | Noticed a royal mummy
 10717 | D        | Noticed a royal mummy
 10718 | D        | Noticed a royal mummy
 10863 | D        | Killed a royal mummy
 10866 | D        | Reached skill level 10 in Dodging
 10940 | D        | Killed a royal mummy
 10951 | D        | Noticed a royal mummy
 10955 | D        | Killed a royal mummy
 10962 | D        | Killed a royal mummy
 11143 | D        | Got a golden rune of Zot
 11158 | D        | Reached skill level 10 in Axes
 11193 | D        | Got an abyssal rune of Zot
 11345 | D        | Noticed Geryon
 11350 | D        | Killed Geryon
 11370 | D        | Noticed Ereshkigal
 11370 | D        | Noticed Mnoleg
 11382 | D        | Noticed Gloorx Vloq
 11391 | D        | Killed Ereshkigal
 11392 | D        | Reached skill level 15 in Evocations
 11399 | D        | Killed Mnoleg
 11401 | D        | Noticed Antaeus
 11606 | D        | Killed Antaeus
 11627 | D        | Found the +6 sword of Cerebov {flame}
 11627 | D        | Noticed Cerebov
 11629 | D        | Found the +4 staff of Dispater
 11629 | D        | Noticed Dispater
 11645 | D        | Killed Gloorx Vloq
 11817 | D        | Killed Cerebov
 11947 | D        | Killed Dispater
 12050 | D        | Found the +7 sceptre of Asmodeus
 12050 | D        | Noticed Asmodeus
 12068 | D        | Killed Asmodeus
 12073 | D        | Got a glowing rune of Zot
 12078 | D        | Got a dark rune of Zot
 12082 | D        | Got an icy rune of Zot
 12086 | D        | Got a fiery rune of Zot
 12088 | D        | Noticed Lom Lobon
 12118 | D        | Killed Lom Lobon
 12122 | D        | Got a magical rune of Zot
 12126 | D        | Got an iron rune of Zot
 12130 | D        | Got an obsidian rune of Zot
 12146 | D        | Got a bone rune of Zot
 12548 | D        | Got the Orb of Zot
 12632 | D        | Bought a potion of heal wounds for 105 gold pieces
 12632 | D        | Bought a potion of heal wounds for 105 gold pieces
 12632 | D        | Bought 2 potions of haste for 420 gold pieces
 12825 | D        | Noticed Laeqidghi the pandemonium lord
 12848 | D        | Killed Laeqidghi the pandemonium lord
 13155 | D        | Noticed Yngar the pandemonium lord
 13165 | D        | Reached skill level 27 in Evocations
 13165 | D        | Noticed Tomixuor the pandemonium lord
 13175 | D        | Killed Yngar the pandemonium lord
 13182 | D        | Killed Tomixuor the pandemonium lord
 13582 | D        | Reached skill level 15 in Dodging
 13771 | D        | Reached skill level 15 in Axes
 13812 | D        | Noticed Ysejufof the pandemonium lord
 13831 | D        | Killed Ysejufof the pandemonium lord
 13832 | D        | Reached XP level 21. HP: 217/217 MP: 30/30
 14323 | D        | Noticed Noaso the pandemonium lord
 14334 | D        | Killed Noaso the pandemonium lord
 14751 | D        | Noticed a profane servitor
 14769 | D        | Killed a profane servitor
 15237 | D        | Noticed a seraph
 15262 | D        | Killed a seraph
 15305 | D        | Noticed Icushran the pandemonium lord
 15313 | D        | Killed Icushran the pandemonium lord
 15350 | D        | Noticed Riedat the pandemonium lord
 15363 | D        | Killed Riedat the pandemonium lord
 15600 | D        | Noticed Ciabakaf the pandemonium lord
 15608 | D        | Killed Ciabakaf the pandemonium lord
 15647 | D        | Noticed Keucy the pandemonium lord
 15650 | D        | Noticed a profane servitor
 15662 | D        | Killed a profane servitor
 15677 | D        | Killed Keucy the pandemonium lord
 15703 | D        | Escaped with the Orb!

Illustrated notes

Levels and vault maps discovered:
D:        linesprint [early_d, line_temple, items_1, d_10, items_2, lair_1,
          lair_end, items_3, orc_1, orc_end, items_4, d_15, swamp_1, shoals_1,
          snake_1, spider_1, d_20, vaults_1, items_5, swamp_end, shoals_end,
          snake_end, spider_end, vaults_end, d_27, items_6, zot_1, zot_end,
          crypt_end, forest_end, elf_end, slime_end, tomb_end, abyss_end,
          pan_hell_end]

Skill      XL: |  1  2  3  4  5  6  7  8  9 10 11 12 13 14 15 16 17 18 19 20 21 |
---------------+----------------------------------------------------------------+-----
Fighting       | 3 4 5 7 9 10 11 13 15 18 20 23 26 27 | 27.0
Shields        | 4 6 8 10 11 12 13 14 17 19 24 27 | 27.0
Armour         | 4 6 7 9 10 12 13 14 15 16 18 20 21 23 24 27 | 27.0
Maces & Flails | 2 3 5 6 7 8 10 12 15 17 19 21 23 26 27 | 27.0
Dodging        | 1 2 3 5 6 7 9 16 21 | 21.5
Evocations     | 1 2 3 5 7 10 27 | 27.0
Stealth        | 1 2 6 8 11 13 15 16 18 27 | 27.0
Throwing       | 16 27 | 27.0
Translocations | 4 8 |  8.8
Invocations    | 4 8 |  8.8
Short Blades   | 3 8 |  8.0
Long Blades    | 3 7 |  7.1
Polearms       | 3 6 |  6.5
Staves         | 3 7 |  7.0
Unarmed Combat | 3 7 |  7.1
Conjurations   | 3 7 |  7.1
Hexes          | 3 7 |  7.1
Summonings     | 3 7 |  7.3
Necromancy     | 3 7 |  7.3
Transmutations | 3 7 |  7.9
Fire Magic     | 3 8 |  8.0
Ice Magic      | 3 8 |  8.0
Air Magic      | 3 8 |  8.0
Earth Magic    | 3 8 |  8.0
Poison Magic   | 3 8 |  8.0
Axes           | 3 6 15 22 | 22.2
Ranged Weapons | 2 5 |  5.9
Spellcasting   | 3 6 |  6.4

Action                   |  1- 3 |  4- 6 |  7- 9 | 10-12 | 13-15 | 16-18 | 19-21 || total
-------------------------+-------+-------+-------+-------+-------+-------+-------++-------
Melee: Flail             |    16 |    12 |       |       |       |       |       ||    28
       Tailslap          |     1 |     1 |     4 |    88 |   145 |   157 |   165 ||   561
       Morningstar       |       |       |    22 |   531 |   801 |   749 |   216 ||  2319
       Sacred scourge    |       |       |       |       |       |     7 |   646 ||   653
Throw: Throwing net      |       |       |       |       |     1 |       |       ||     1
       Javelin           |       |       |       |       |       |     4 |    14 ||    18
Invok: Call Merchant     |       |       |       |     5 |     3 |     6 |     5 ||    19
       Potion Petition   |       |       |       |       |     1 |     1 |     5 ||     7
Evoke: Wand              |       |     4 |     6 |       |       |       |       ||    10
       Tin of tremorston |       |       |       |       |       |       |     2 ||     2
  Use: Potion            |     1 |       |       |     7 |     7 |     3 |    21 ||    39
       Scroll            |       |       |       |     3 |       |     5 |    18 ||    26
 Stab: Invisible         |       |       |       |     5 |       |       |     2 ||     7
       Petrifying        |       |       |       |     1 |       |       |       ||     1
       Distracted        |       |       |       |    10 |    23 |    20 |    19 ||    72
       Sleeping          |       |       |       |     2 |       |     4 |     5 ||    11
Armor: Scale mail        |     5 |     5 |    18 |   149 |       |       |       ||   177
       Crystal plate arm |       |       |       |    41 |   253 |    30 |       ||   324
       Gold dragon scale |       |       |       |       |       |    99 |   141 ||   240
Dodge: Dodged            |     4 |     4 |    10 |   140 |   130 |    69 |    55 ||   412
Block: Buckler           |     1 |     3 |     4 |   118 |   189 |       |       ||   315
       Reflection        |       |       |       |       |    11 |     3 |     8 ||    22
       Tower shield      |       |       |       |       |   179 |   472 |   482 ||  1133

Table legend: (Time is in decaauts) A = Elapsed time spent in this place. B = Non-inter-level travel time spent in this place. C = Inter-level travel time spent in this place. D = Time resting spent in this place. E = Time spent auto-exploring this place. F = Levels seen in this place. G = Mean time per level. A B C D E F G +--------+--------+--------+--------+--------+-----+--------+ Total | 14689 | 14315 | 374 | 3903 | 1440 | 1 | 14689.0 | Dungeon | 14689 | 14315 | 374 | 3903 | 1440 | 1 | 14689.0 | +--------+--------+--------+--------+--------+-----+--------+

Top non-repeatable levels by time:
       D: 14689 daAuts
